 Dungeon Crawl Stone Soup version 0.31-a0-219-g8d62b2e7bb (webtiles) character file.

Game seed: 3441157142332971780

73017 Newt the Markskobold (level 15, -4/90 HPs)
             Began as a Kobold Hunter on July 3, 2023.
             Was the Champion of Hepliaklqana.
             Slain by a +4 long sword (8 damage)
             ... on level 13 of the Dungeon.
             The game lasted 00:33:48 (22398 turns).

Newt the Markskobold (Kobold Hunter)               Turns: 22398, Time: 00:33:48

Health: -4/90      AC: 19    Str: 11    XL:     15   Next: 88%
Magic:  20/20      EV: 21    Int: 11    God:    Hepliaklqana [******]
Gold:   3479       SH:  0    Dex: 28    Spells: 14/14 levels left

rFire   . . .        a - +1 shortbow (drain)
rCold   . . .        (shield currently unavailable)
rNeg    . . .        A - +1 chain mail of Zywkib {rElec Str+3 Dex+2}
rPois   .            H - +0 helmet
rElec   +            q - scarf {harm}
rCorr   .            E - +0 pair of gloves
SInv    .            i - +2 pair of boots
Will    +....        k - amulet of regeneration
Stlth   +            B - +5 ring of evasion
HPRegen 1.15/turn    r - ring of flight
MPRegen 0.17/turn

%: harm (+30% outgoing, +20% incoming)
@: about to teleport, flying
A: reduced essence, small, no large weapons, nightstalker 3
a: Renounce Religion, Recall Ancestor, Ancestor Identity, Transference, Idealise


You were on level 13 of the Dungeon.
You worshipped Hepliaklqana.
Hepliaklqana was exalted by your worship.
You visited 4 branches of the dungeon, and saw 21 of its levels.
You also visited: Bailey and Volcano.

You collected 3765 gold pieces.
You spent 286 gold pieces at shops.

Inventory:

Hand Weapons
 a - a +1 shortbow of draining (weapon)
 v - a +2 heavy shortbow
 K - a +2 sling of draining
 P - a +2 arbalest of flaming
Missiles
 S - 2 throwing nets
Armour
 i - a +2 pair of boots (worn)
 p - +2 acid dragon scales
 q - a scarf of harm (worn)
 A - the +1 chain mail of Zywkib (worn) {rElec Str+3 Dex+2}
   (You found it on level 8 of the Dungeon)

   Str:       It affects your strength (+3).
   Dex:       It affects your dexterity (+2).
   rElec:     It insulates you from electricity.
 C - a +0 troll leather armour
 E - a +0 pair of gloves (worn)
 H - a +0 helmet (worn)
 R - a +3 ring mail of fire resistance
 X - a scarf of repulsion
Jewellery
 b - a ring of see invisible
 k - an amulet of regeneration (around neck)
 r - a ring of flight (right hand)
 u - a ring of wizardry
 y - an amulet of the acrobat
 B - a +5 ring of evasion (left hand)
Wands
 D - a wand of quicksilver (15)
 F - a wand of flame (34)
 J - a wand of mindburst (17)
 V - a wand of paralysis (5)
Scrolls
 f - 2 scrolls of vulnerability {unknown}
 j - 4 scrolls of revelation
 l - 3 scrolls of identify
 o - 3 scrolls of immolation
 w - 3 scrolls of enchant weapon
 x - 5 scrolls of teleportation
 M - a scroll of butterflies
 N - a scroll of fog
 T - 2 scrolls of brand weapon
 W - 3 scrolls of silence
 Z - a scroll of fear {unknown}
Potions
 c - 2 potions of curing
 d - 4 potions of magic
 e - 2 potions of attraction
 g - a potion of experience {unknown}
 h - 6 potions of haste
 t - 6 potions of might
 z - 3 potions of enlightenment
 G - 4 potions of brilliance
 I - 3 potions of berserk rage
 L - 2 potions of lignification
 O - 2 potions of cancellation
 Q - a potion of invisibility
 U - 2 potions of resistance {unknown}
Miscellaneous
 m - a tin of tremorstones (1/2)
 n - a lightning rod (4/4)
 s - a piece from Xom's chessboard (15/15)


   Skills:
 - Level 14.0 Fighting
 - Level 18.0 Ranged Weapons
 + Level 10.3 Armour
 - Level 13.0 Dodging
 - Level 1.3 Stealth
 - Level 7.0 Invocations
 - Level 12.0 Evocations


You had 14 spell levels left.
You didn't know any spells.
Your spell library contained the following spells:

 Spells                   Type           Power      Damage    Failure   Level
 Cigotuvi's Dreadful Rot  Necr/Pois/Air  0%         N/A       100%        2
 Momentum Strike          Conj/Tloc      0%         3d8       100%        2
 Sublimation of Blood     Necr           0%         N/A       100%        2
 Wereblood                Tmut           0%         N/A       100%        2
 Ignite Poison            Fire/Tmut/Pois 0%         N/A       100%        3
 Ozocubu's Armour         Ice            0%         N/A       100%        3
 Portal Projectile        Hex/Tloc       0%         N/A       100%        3
 Tukima's Dance           Hex            0%         N/A       100%        3
 Dispel Undead            Necr           0%         3d6       100%        4
 Passage of Golubria      Tloc           0%         N/A       100%        4
 Freezing Cloud           Conj/Ice/Air   0%         6-21      100%        5
 Yara's Violent Unravell  Hex/Tmut       0%         3d3       100%        5
 Death Channel            Necr           0%         N/A       100%        6
 Ozocubu's Refrigeration  Ice            0%         4d7       100%        7
 Summon Hydra             Summ           0%         N/A       100%        7


Dungeon Overview and Level Annotations

Branches:
Dungeon (13/15)            Temple (1/1) D:5            Lair (5/5) D:8
  Swamp (0/4) Lair:2        Snake (0/4) Lair:2        Slime (0/5) Lair:4
    Orc (2/2) D:9             Elf (0/3) Orc:2        Vaults (0/5) D:13
 Bailey (visited)         Volcano (visited)

Altars:
Ashenzari
Cheibriados
Dithmenos
Elyvilon
Fedhas
Gozag
Hepliaklqana
Kikubaaqudgha
Makhleb
Nemelex Xobeh
Okawaru
Qazlal
Ru
Sif Muna
Trog
Uskayaw
Vehumet
Wu Jian
Xom
Yredelemnul
Zin
The Shining One
Jiyva

Shops:
Orc:2 :*[:


Innate Abilities, Weirdness & Mutations

Your life essence is reduced to manifest your ancestor. (-10% HP)
You are small and have problems with some larger weapons.
You are completely attuned to the shadows.


Message History

Unknown command.
Fire: a) +1 shortbow (drain)
Press: ? - help, Shift-Dir - straight line, f/p - +4 long sword
Aim: a +4 long sword (heavily damaged, 61% to hit)
You shoot an arrow.
The arrow hits the +4 long sword but does no damage.
The +4 long sword is heavily damaged.
The +5 long sword hits Audrea!!
The +4 long sword closely misses you.
Audrea hits the +5 long sword with a +0 broad axe of flaming.
Audrea barely misses the +4 long sword.
Audrea blocks the +5 long sword's attack.
The +4 long sword hits you.
Unknown command.
Unknown command.
You feel much better.
You hear the faint crackling of a distant melting archway.
Audrea blocks the +5 long sword's attack.
The +4 long sword closely misses you.
The +5 long sword hits Audrea.
Audrea misses the +5 long sword.
Audrea closely misses the +4 long sword.
The +4 long sword hits you.
Fire: a) +1 shortbow (drain)
Press: ? - help, Shift-Dir - straight line, f/p - +4 long sword
Aim: a +4 long sword (moderately damaged, 61% to hit)
You shoot an arrow.
The arrow hits the +4 long sword but does no damage.
The +4 long sword is moderately damaged.
The +5 long sword hits Audrea!!
Audrea is destroyed!
The +4 long sword hits you! x2
Unknown command.
As you read the scroll of teleportation, it crumbles to dust.
You feel strangely unstable. The +5 long sword hits you!
* * * LOW HITPOINT WARNING * * *
The +4 long sword hits you!
* * * LOW HITPOINT WARNING * * *
Unknown command.
The +5 long sword hits you but does no damage.
The +4 long sword hits you!
You die...

,*** *,,,,*,*,,,,* *,* ,,,**
**,,**,**,,,* *,* **,,**
*,..,#∩#,..** **,* **,,*
*,..##.##..# *,,* ****+***
*....#.#...# ***+*** ,,,,,,,*
*..........# *,,,,,* ,,,,,,,*
#..........#***,,,,,*
,,,,,,,**#.....((...#*,+,,,,,*
,,,,,,,+,#......@....,,*,,,,,****
,,,,,,,*,+........###***,,,,,+,,,
,,,,,,,**#........# *,,,,,****
**+***** #........# *,,,,,* *,,,*
#........# *,,,,,* ***,*
#........# ****+** *,* ###'#####*
*,* *,* #.....# *,* ****+**
########.## *,*


You could see 2 dancing weapons.

Vanquished Creatures
  An orc warlord (Bailey)
  A dire elephant (Lair:3)
  A hydra (Lair:4)
  A two-headed ogre (D:9)
  A boulder beetle (Lair:1)
  Urug (D:10)
  3 orc high priests (Orc:2)
  Nergalle (Orc:1)
  A skyshark (Lair:2)
  A deep elf archer (Volcano)
  8 slime creatures (D:12)
  A lindwurm (Lair:2)
  8 deep elf pyromancers (Volcano)
  6 orc knights
  An ugly thing (D:12)
  A wolf spider (Lair:5)
  A manticore (D:11)
  3 orc sorcerers (Orc:2)
  11 elephants (Lair:3)
  Maurice (D:11)
  Joseph (D:10)
  A torpor snail (Lair:5)
  8 cane toads
  A gargoyle (D:12)
  7 black mambas
  Maggie (Lair:1)
  A rime drake (Lair:1)
  6 komodo dragons
  5 trolls
  8 polar bears
  21 blink frogs
  6 hornets
  Prince Ribbit (D:6)
  3 raiju (Lair:5)
  A spriggan (Lair:3)
  A shadow (D:9)
  21 yaks
  A wraith (D:10)
  A fire elemental (Volcano)
  13 wyverns
  2 basilisks (Lair:4)
  2 redbacks (Lair:5)
  6 wargs
  2 vampire mosquitoes (D:12)
  2 nagas (Lair:2)
  10 hell hounds
  20 water moccasins
  8 black bears
  16 orc warriors
  An ogre (D:6)
  10 wolves
  2 centaurs
  A phantom (D:7)
  11 bullfrogs
  A scorpion (D:3)
  A gnoll sergeant (D:9)
  9 killer bees
  2 howler monkeys
  An electric eel (D:10)
  7 hounds
  9 orc priests
  A gnoll bouda (D:7)
  3 iguanas
  2 sleepcaps
  Jessica (D:3)
  Terence (D:3)
  10 orc wizards
  19 gnolls
  7 adders
  2 white imps
  2 ufetubi (D:5)
  A worm (D:5)
  3 dart slugs
  43 orcs
  4 endoplasms
  4 giant cockroaches
  15 goblins
  8 hobgoblins
  2 jackals (D:3)
  11 kobolds
  A quokka (D:4)
  6 ball pythons
  3 bats
  6 frilled lizards
  3 rats
442 creatures vanquished.

Vanquished Creatures (collateral kills)
  2 two-headed ogres
  A skyshark (Lair:5)
  A lindwurm (Lair:2)
  An oklob plant (Lair:5)
  6 elephants (Lair:3)
  A guardian serpent (Lair:5)
  3 black mambas (Lair:5)
  2 unseen horrors (D:10)
  4 cane toads
  2 rime drakes
  A kobold demonologist (D:11)
  4 komodo dragons
  4 polar bears (Lair:5)
  3 raiju (Lair:5)
  2 blink frogs
  A vampire (D:11)
  A wraith (D:9)
  7 yaks
  5 wyverns
  2 fire elementals (Volcano)
  2 basilisks (Lair:1)
  A redback (Lair:5)
  Grum (Lair:1)
  2 wargs
  7 hell hounds
  6 water moccasins
  9 orc warriors
  3 ogres
  6 black bears
  5 wolves
  A kobold brigand (D:8)
  2 bullfrogs
  A gnoll sergeant (D:12)
  6 killer bees
  An electric eel (D:10)
  A howler monkey (D:9)
  A jelly (D:7)
  A gnoll bouda (D:9)
  4 orc priests
  9 orc wizards
  9 gnolls
  24 orcs
  2 hobgoblins (Bailey)
  2 goblins (Bailey)
  A kobold (D:8)
160 creatures vanquished.

Vanquished Creatures (others)
  An orc knight (Orc:2)
  13 knights
  5 ancestors
19 creatures vanquished.

Grand Total: 621 creatures vanquished

Notes
Turn   | Place    | Note
-------+----------+-------------------------------------------
     0 | D:1      | Newt the Kobold Hunter began the quest for the Orb.
     0 | D:1      | Reached XP level 1. HP: 12/12 MP: 1/1
   142 | D:1      | Reached XP level 2. HP: 18/18 MP: 2/2
   739 | D:1      | Reached XP level 3. HP: 23/23 MP: 3/3
   936 | D:2      | Noticed a shining eye
   937 | D:2      | Found a faded altar of an unknown god.
   937 | D:2      | Noticed a floating eye
   940 | D:2      | Noticed a floating eye
   940 | D:2      | Noticed an eye of devastation
  1364 | D:3      | Reached XP level 4. HP: 22/30 MP: 4/4
  1427 | D:3      | Noticed a scorpion
  1431 | D:3      | Killed a scorpion
  1432 | D:3      | Reached skill level 5 in Fighting
  1432 | D:3      | Reached XP level 5. HP: 30/35 MP: 5/5
  1712 | D:3      | Reached skill level 6 in Ranged Weapons
  1888 | D:3      | Noticed Terence
  1892 | D:3      | Killed Terence
  1993 | D:3      | Noticed Jessica
  2000 | D:3      | Killed Jessica
  2231 | D:3      | Found an ornate altar of the Wu Jian Council.
  2341 | D:3      | Found a glowing silver altar of Zin.
  2412 | D:4      | Identified a scroll of acquirement
  2412 | D:4      | Acquired an amulet of regeneration
  2422 | D:4      | Reached skill level 7 in Ranged Weapons
  2436 | D:4      | Reached XP level 6. HP: 40/40 MP: 6/6
  2677 | D:4      | Reached skill level 8 in Ranged Weapons
  3001 | D:4      | Acquired a scarf of harm
  3136 | D:5      | Entered Level 5 of the Dungeon
  3181 | D:5      | Reached XP level 7. HP: 44/44 MP: 7/7
  3190 | D:5      | Reached skill level 9 in Ranged Weapons
  3425 | D:5      | Found a staircase to the Ecumenical Temple.
  3463 | Temple   | Entered the Ecumenical Temple
  3503 | Temple   | Became a worshipper of Hepliaklqana the Forgotten
  3927 | D:6      | Reached * piety under Hepliaklqana
  4020 | D:6      | Reached skill level 10 in Ranged Weapons
  4127 | D:6      | Found a hide-covered altar of Uskayaw.
  4273 | D:6      | Noticed Prince Ribbit
  4286 | D:6      | Killed Prince Ribbit
  4287 | D:6      | Reached skill level 5 in Dodging
  4287 | D:6      | Reached XP level 8. HP: 34/44 MP: 8/8
  4561 | D:6      | Found a snail-covered altar of Cheibriados.
  4935 | D:7      | Reached skill level 11 in Ranged Weapons
  5083 | D:7      | Found a radiant altar of Vehumet.
  5083 | D:7      | Found a broken altar of Ashenzari.
  5128 | D:7      | Reached skill level 12 in Ranged Weapons
  5486 | D:8      | Noticed a wyvern
  5553 | D:7      | Killed a wyvern
  5554 | D:7      | Reached XP level 9. HP: 48/48 MP: 9/9
  5566 | D:8      | Reached skill level 13 in Ranged Weapons
  5674 | D:8      | Reached skill level 14 in Ranged Weapons
  5819 | D:8      | Reached ** piety under Hepliaklqana
  5820 | D:8      | Remembered your ancestor Audrea as a knight
  5845 | D:8      | Identified the +1 chain mail of Zywkib {rElec Str+3 Dex+2}
  5887 | D:8      | Noticed a two-headed ogre
  5893 | D:8      | Killed a two-headed ogre
  5894 | D:8      | Reached skill level 15 in Ranged Weapons
  5958 | D:8      | Found a staircase to the Lair.
  6000 | D:8      | Reached XP level 10. HP: 54/54 MP: 10/10
  6324 | D:8      | Reached skill level 1 in Evocations
  6332 | D:8      | Found a glowing golden altar of the Shining One.
  6729 | Lair:1   | Entered Level 1 of the Lair of Beasts
  6729 | Lair:1   | Noticed a komodo dragon
  6731 | Lair:1   | Killed a komodo dragon
  6732 | Lair:1   | Reached skill level 5 in Evocations
  6817 | Lair:1   | Noticed a boulder beetle
  6843 | Lair:1   | Killed a boulder beetle
  6899 | Lair:1   | Reached skill level 16 in Ranged Weapons
  6918 | Lair:1   | Reached XP level 11. HP: 8/61 MP: 11/11
  6936 | Lair:1   | Reached skill level 17 in Ranged Weapons
  7131 | Lair:1   | Noticed Maggie
  7136 | Lair:1   | Killed Maggie
  7406 | Lair:1   | Reached skill level 18 in Ranged Weapons
  7530 | Lair:1   | Noticed Grum
  7534 | Lair:1   | Killed Grum
  8387 | Lair:2   | Reached skill level 1 in Armour
  8444 | Lair:2   | Noticed a skyshark
  8462 | Lair:2   | Killed a skyshark
  8463 | Lair:2   | Reached XP level 12. HP: 11/65 MP: 12/12
  8557 | Lair:2   | Reached *** piety under Hepliaklqana
  8643 | Lair:2   | Paralysed by a hornet for 1 turns
  8646 | Lair:2   | Reached skill level 5 in Armour
  9334 | Lair:2   | Found a staircase to the Snake Pit.
  9497 | Lair:2   | Found a staircase to the Swamp.
  9989 | Lair:3   | Reached **** piety under Hepliaklqana
 10023 | Lair:3   | Found a dark tunnel.
 10031 | Volcano  | Entered a volcano
 10196 | Volcano  | Reached skill level 1 in Invocations
 10225 | Volcano  | Reached skill level 5 in Invocations
 10225 | Volcano  | Reached XP level 13. HP: 45/70 MP: 11/16
 10929 | Lair:3   | Reached skill level 10 in Evocations
 10978 | Lair:3   | Noticed a dire elephant
 10995 | Lair:3   | Killed a dire elephant
 11971 | Lair:4   | Found a viscous altar of Jiyva.
 11974 | Lair:4   | Found a staircase to the Slime Pits.
 12135 | Lair:4   | Reached XP level 14. HP: 77/77 MP: 19/19
 12214 | Lair:4   | Reached skill level 10 in Fighting
 12776 | Lair:5   | Entered Level 5 of the Lair of Beasts
 13465 | Lair:5   | Reached ***** piety under Hepliaklqana
 13735 | Lair:5   | Paralysed by a hornet for 1 turns
 14556 | Lair:5   | Reached skill level 10 in Dodging
 14617 | Lair:5   | Reached XP level 15. HP: 90/90 MP: 20/20
 15747 | D:9      | Found a flagged portal.
 15758 | Bailey   | Entered a bailey
 16034 | Bailey   | Noticed an orc warlord
 16050 | Bailey   | Killed an orc warlord
 16104 | Bailey   | Acquired 1058 gold pieces
 16530 | D:9      | Found a staircase to the Orcish Mines.
 16610 | D:9      | You are sucked into a shaft and drop 3 floors!
 17628 | D:11     | Noticed Maurice
 17640 | D:11     | Killed Maurice
 17967 | D:10     | Entered Level 10 of the Dungeon
 18036 | D:10     | Noticed Urug
 18044 | D:10     | Killed Urug
 18348 | D:10     | Noticed Joseph
 18352 | D:10     | Killed Joseph
 19057 | D:9      | Reached ****** piety under Hepliaklqana
 19625 | Orc:1    | Entered Level 1 of the Orcish Mines
 20018 | Orc:1    | Noticed Nergalle
 20032 | Orc:1    | Killed Nergalle
 20268 | Orc:2    | Entered Level 2 of the Orcish Mines
 20296 | Orc:2    | Found a staircase to the Elven Halls.
 20615 | Orc:2    | Reached skill level 10 in Armour
 20621 | Orc:2    | Found Hom Tuit's Book Shop.
 20621 | Orc:2    | Found Feijiov's General Store.
 20623 | Orc:2    | Found Givvyfati's Armour Shop.
 20623 | Orc:2    | Found Luymenk's Book Shoppe.
 21171 | Orc:2    | Bought the Anthology of Mutated Transportation for 286 gold
                  | pieces
 22389 | D:13     | Found a gate to the Vaults.
 22397 | D:13     | HP: 3/90 [+4 long sword (14)]
 22398 | D:13     | Slain by a +4 long sword

Illustrated notes

Levels and vault maps discovered:
D:1:      minmay_arrival_three_doors, layout_loops_ring, grunt_decor_one_mirror,
          minmay_splitting_lines, grunt_decor_resistance
D:2:      layout_rooms, hellmonk_ecumenical_altar_watching_god
D:3:      layout_loops_corners, mainiacjoe_overflow_divided_tiny, uniq_terence,
          uniq_jessica
D:4:      layout_basic, st_stairs_14
D:5:      layout_cave_pools, minmay_temple_entry_trees, minmay_checkerbox
D:6:      layout_loops_corners, mainiacjoe_overflow_catch_the_wave,
          uniq_prince_ribbit1
D:7:      layout_rooms, gammafunk_temple_overflow_elements
D:8:      layout_loops_corners, nicolae_tso_swordbearing_angel,
          erik_lair_orcish_takeover, nicolae_the_louvre
D:9:      layout_stronghold, orc_0_dummy, enter_bailey_5
D:10:     layout_basic, uniq_urug, uniq_joseph
D:11:     layout_roguey, uniq_maurice
D:12:     layout_loops_ring
D:13:     layout_roguey, erik_vaults_1, portal_ice_cave_entry_imps
Temple:   hellmonk_temple_of_storms
Lair:1:   layout_small_grid, serial_rivers, chequers_serial_rivers_micro_c,
          chequers_serial_rivers_marsh, chequers_serial_rivers_micro_e,
          chequers_serial_rivers_room_a, chequers_serial_rivers_micro_a,
          chequers_serial_rivers_micro_b, minivault_11, uniq_grum, uniq_maggie
Lair:2:   cheibrodos_lair_overgrown_chateau, layout_regular_city,
          swamp_mist_pool, minmay_snake_entry_guardpost_small,
          infiniplex_staircase_pool_2, lemuel_fruit_tree, serial_bayou_shore_a,
          lemuel_fruit_fields
Lair:3:   mu_elephants_graveyard, layout_small_grid,
          nicolae_volcano_entry_lava_flow
Lair:4:   layout_layer_cave, slime_entry_1, serial_bayou_pond_e
Lair:5:   hangedman_lair_caniforms_friends, layout_long_grid,
          hangedman_lair_tendril_chambers, serial_bayou_shore_b
Orc:1:    layout_diamond_mine, uniq_nergalle
Orc:2:    grunt_orc_tribal_feast, layout_diamond_mine, nicolae_orc_stony_grotto

Skill      XL: |  1  2  3  4  5  6  7  8  9 10 11 12 13 14 15 |
---------------+----------------------------------------------+-----
Fighting       | 3 4 5 6 8 9 14 | 14.0
Ranged Weapons | 7 8 10 12 15 16 18 | 18.0
Dodging        | 5 9 10 13 | 13.0
Evocations     | 6 12 | 12.0
Armour         | 3 8 10 | 10.3
Invocations    | 5 7 |  7.0
Stealth        | |  1.3

Action                     |  1- 3 |  4- 6 |  7- 9 | 10-12 | 13-15 || total
---------------------------+-------+-------+-------+-------+-------++-------
  Melee: Shortbow          |       |       |     1 |       |       ||     1
   Fire: Shortbow          |    64 |    75 |   176 |   361 |  1248 ||  1924
 Invoke: Ancestor Life: Kn |       |       |     1 |       |       ||     1
         Idealise          |       |       |       |     1 |     1 ||     2
         Recall Ancestor   |       |       |       |       |     3 ||     3
         Transference      |       |       |       |       |     1 ||     1
  Evoke: Lightning rod     |       |       |       |     3 |     6 ||     9
         Wand              |       |       |       |       |     4 ||     4
         Tin of tremorston |       |       |       |       |     1 ||     1
    Use: Scroll            |     3 |     4 |     5 |    10 |    12 ||    34
         Potion            |       |       |       |     6 |     3 ||     9
 Armour: Leather armour    |     3 |     6 |    15 |       |       ||    24
         Chain mail        |       |       |       |    70 |   255 ||   325
         Skin              |       |       |       |    30 |       ||    30
  Dodge: Dodged            |    14 |    12 |    34 |   164 |   689 ||   913

Table legend: (Time is in decaauts)
 A = Elapsed time spent in this place.
 B = Non-inter-level travel time spent in this place.
 C = Inter-level travel time spent in this place.
 D = Time resting spent in this place.
 E = Time spent auto-exploring this place.
 F = Levels seen in this place.
 G = Mean time per level.
                   A        B        C        D        E       F      G
               +--------+--------+--------+--------+--------+-----+--------+
         Total |  22682 |  21134 |   1548 |   3048 |  14382 |  23 |  986.2 |
       Dungeon |  11390 |  10371 |   1019 |    407 |   8589 |  13 |  876.2 |
        Temple |     49 |     40 |      9 |      0 |     25 |   1 |   49.0 |
          Lair |   8717 |   8376 |    341 |   2064 |   4618 |   5 | 1743.4 |
  Orcish Mines |   1714 |   1537 |    177 |    365 |    897 |   2 |  857.0 |
        Bailey |    382 |    382 |      0 |      0 |    208 |   1 |  382.0 |
       Volcano |    427 |    427 |      0 |    211 |     45 |   1 |  427.0 |
               +--------+--------+--------+--------+--------+-----+--------+

Top non-repeatable levels by time:
  Lair:5: 2906 daAuts
  Lair:1: 1695 daAuts
  Lair:2: 1595 daAuts
  Lair:3: 1314 daAuts
     D:9: 1217 daAuts
  Lair:4: 1206 daAuts
     D:6: 1167 daAuts
     D:8: 1129 daAuts
     D:3: 1127 daAuts
    D:10: 1127 daAuts
    D:12: 1072 daAuts
   Orc:2: 980 daAuts
    D:11: 863 daAuts
     D:1: 847 daAuts
     D:7: 766 daAuts
